 Dungeon Crawl Stone Soup version 0.30-a0-830-gfe289a77b0 (webtiles) character file.

Game seed: 11990773111257379521

92 cforsyth the Sneak (level 4, -2/28 HPs)
             Began as a Kobold Brigand on Mar 1, 2023.
             Slain by an orc
             ... wielding a +0 trident
              (7 damage)
             ... on level 3 of the Dungeon.
             The game lasted 00:01:43 (1345 turns).

cforsyth the Sneak (Kobold Brigand)                 Turns: 1345, Time: 00:01:43

Health: -2/28      AC:  4    Str:  8    XL:     4   Next: 90%
Magic:  4/4        EV: 15    Int: 12    God:
Gold:   127        SH:  0    Dex: 18    Spells: 3/3 levels left

rFire   . . .      SeeInvis .    a - +2 dagger
rCold   . . .      Faith    .    (no shield)
rNeg    . . .      Spirit   .    b - +0 robe
rPois   .          Reflect  .    (no helmet)
rElec   .          Harm     .    c - +0 cloak
rCorr   .          Rampage  .    i - +0 pair of gloves
Will    +....                    (no boots)
Stlth   ++++                     (no amulet)
HPRegen 0.24/turn                p - ring of willpower
MPRegen 0.09/turn                (no ring)

@: no status effects
A: small, no large weapons, nightstalker 3
a: no special abilities


You were on level 3 of the Dungeon.
You visited 1 branch of the dungeon, and saw 3 of its levels.

You collected 127 gold pieces.

Inventory:

Hand Weapons
 a - a +2 dagger (weapon)
Missiles
 d - 11 poisoned darts (quivered)
 e - 3 curare-tipped darts
 l - 5 atropa-tipped darts
Armour
 b - a +0 robe (worn)
 c - a +0 cloak (worn)
 i - a +0 pair of gloves (worn)
Jewellery
 p - a ring of willpower (left hand)
Scrolls
 f - a scroll of teleportation {unknown}
 g - a scroll of noise {unknown}
 j - 2 scrolls of blinking {unknown}
 k - a scroll of identify {unknown}
 n - a scroll of poison {unknown}
 q - a scroll of magic mapping {unknown}
Potions
 h - 5 potions of brilliance {unknown}
 m - 2 potions of magic {unknown}
 o - a potion of lignification {unknown}


   Skills:
 + Level 3.2 Fighting
 + Level 3.8 Short Blades
 - Level 2.1 Throwing
 + Level 2.7 Dodging
 + Level 6.1 Stealth


You had 3 spell levels left.
You didn't know any spells.
Your spell library contained the following spells:

 Spells                   Type           Power      Damage    Failure   Level
 Beastly Appendage        Tmut           0%         N/A       32%         1
 Lesser Beckoning         Tloc           0%         N/A       45%         2
 Sublimation of Blood     Necr           0%         N/A       45%         2
 Wereblood                Tmut           0%         N/A       45%         2
 Gell's Gravitas          Tloc           0%         N/A       69%         3
 Spider Form              Tmut/Pois      0%         N/A       69%         3
 Teleport Other           Tloc           0%         N/A       69%         3
 Petrify                  Tmut/Erth      0%         N/A       97%         4
 Irradiate                Conj/Tmut      0%         3d11      100%        5


Dungeon Overview and Level Annotations

Branches:
Dungeon (3/15)

Altars:


Innate Abilities, Weirdness & Mutations

You are small and have problems with some larger weapons.
You are completely attuned to the shadows.


Message History

You hit the orc.
You kill the orc!
You hit the orc.
The orc is heavily wounded.
The orc hits you with a +0 hand axe.
You completely miss the orc.
The orc is moderately wounded.
The orc hits you but does no damage. The orc misses you.
You barely miss the orc.
The orc is moderately wounded.
You hit the orc.
The orc is heavily wounded.
The orc closely misses you. The orc misses you.
You hit the orc but do no damage.
The orc is heavily wounded.
The orc misses you. The orc barely misses you.
You hit the orc.
The orc is severely wounded.
The orc misses you. The orc hits you but does no damage.
You hit the orc.
You kill the orc!
The orc barely misses you. The orc closely misses you.
Things that are here:
a +0 hand axe; a +0 club You barely miss the orc.
The orc hits you with a +0 trident.
* * * LOW HITPOINT WARNING * * *
You hit the orc.
The orc is moderately wounded.
You hit the orc but do no damage.
The orc is moderately wounded.
The orc closely misses you.
You barely miss the orc.
The orc is moderately wounded.
The orc hits you with a +0 trident.
* * * LOW HITPOINT WARNING * * *
You barely miss the orc.
The orc is moderately wounded.
The orc hits you with a +0 trident!
You die...

###### ... #†...##.
#.# .# #†..†##.##.#
#.#
#....##.##.#######..#
#....)#.##.....@o.).#
#####.#.......###...#
#####..#.#####.# #†..#
.......<.....#.# #...#
......##........ ....#
.................>....
.............#.###
.....###..##


You could see an orc.

Vanquished Creatures
  3 adders (D:2)
  A worm (D:2)
  A dart slug (D:1)
  3 orcs (D:3)
  A ball python (D:1)
  A bat (D:1)
  6 endoplasms
  4 giant cockroaches
  7 goblins
  5 hobgoblins
  7 jackals
  4 kobolds
  2 quokkas
  2 frilled lizards
  2 rats
49 creatures vanquished.

Notes
Turn   | Place    | Note
-------+----------+-------------------------------------------
     0 | D:1      | cforsyth the Kobold Brigand began the quest for the Orb.
     0 | D:1      | Reached XP level 1. HP: 12/12 MP: 1/1
    94 | D:1      | Reached XP level 2. HP: 18/18 MP: 2/2
   275 | D:1      | Reached XP level 3. HP: 19/22 MP: 3/3
   627 | D:2      | Reached XP level 4. HP: 16/28 MP: 4/4
   763 | D:2      | Reached skill level 6 in Stealth
  1345 | D:3      | Slain by an orc

Illustrated notes

Levels and vault maps discovered:
D:1:      ncdulo_watergridlock, layout_rooms
D:2:      layout_loops_ring, chequers_garden, minmay_crystal_water
D:3:      layout_basic, marbit_many_paths, minmay_snake_closets

Skill      XL: |  1  2  3  4 |
---------------+-------------+-----
Short Blades   | 3 |  3.8
Dodging        | 2 |  2.7
Fighting       | 3 |  3.2
Stealth        | 6 |  6.1
Throwing       | |  2.1

Action                     |  1- 3 |  4- 6 || total
---------------------------+-------+-------++-------
  Melee: Dagger            |    90 |    80 ||   170
         Punch             |       |     1 ||     1
   Stab: Sleeping          |    13 |     7 ||    20
 Armour: Robe              |    18 |    18 ||    36
  Dodge: Dodged            |    50 |    62 ||   112

Table legend: (Time is in decaauts)
 A = Elapsed time spent in this place.
 B = Non-inter-level travel time spent in this place.
 C = Inter-level travel time spent in this place.
 D = Time resting spent in this place.
 E = Time spent auto-exploring this place.
 F = Levels seen in this place.
 G = Mean time per level.
                   A        B        C        D        E       F      G
               +--------+--------+--------+--------+--------+-----+--------+
         Total |   1317 |   1274 |     43 |      0 |    976 |   3 |  439.0 |
       Dungeon |   1317 |   1274 |     43 |      0 |    976 |   3 |  439.0 |
               +--------+--------+--------+--------+--------+-----+--------+

Top non-repeatable levels by time:
     D:2: 766 daAuts
     D:1: 449 daAuts
     D:3: 101 daAuts
